 Dungeon Crawl Stone Soup version 0.31.0-11-ge490571c62 (webtiles) character file.

Game seed: 3685357252358028601

732 Faeranduil the Apothecary (level 7, -1/41 HPs)
             Began as an Octopode Alchemist on Feb 7, 2024.
             Was an Initiate of Vehumet.
             Slain by a water moccasin (4 damage)
             ... on level 5 of the Dungeon on Feb 8, 2024.
             The game lasted 00:11:52 (5272 turns).

Faeranduil the Apothecary (Octopode Alchemist)      Turns: 5272, Time: 00:11:52

Health: -1/41      AC:  1    Str:  7    XL:     7   Next: 73%
Magic:  1/13       EV: 18    Int: 19    God:    Vehumet [......]
Gold:   196        SH:  0    Dex: 13    Spells: 5/15 levels left

rFire   . . .        c - +0 dagger
rCold   . . .        (no shield)
rNeg    . . .        (helmet restricted)
rPois   .            (no amulet)
rElec   .            f - +5 ring of evasion
rCorr   +            d - ring of resist corrosion
SInv    .            l - ring of flight
Will    .....        (no ring)
Stlth   +++          (no ring)
HPRegen 0.26/turn    (no ring)
MPRegen 0.13/turn    (no ring)
                     (no ring)

%: no passive effects
@: flying
A: almost no armour, amphibious, 8 rings, camouflage 1, gelatinous body 1,
(nimble swimmer 1), tentacles
a: Renounce Religion


You were on level 5 of the Dungeon.
You worshipped Vehumet.
Vehumet was noncommittal.
You visited 2 branches of the dungeon, and saw 6 of its levels.

You collected 196 gold pieces.

Inventory:

Hand Weapons
 c - a +0 dagger (weapon)
Jewellery
 d - a ring of resist corrosion (right tentacle)
 f - a +5 ring of evasion (left tentacle)
 l - a ring of flight (on tentacle)
Scrolls
 e - a scroll of immolation
 g - a scroll of fear {unknown}
 j - 3 scrolls of poison
 m - a scroll of enchant armour {unknown}
 n - 2 scrolls of teleportation {unknown}
 o - 2 scrolls of vulnerability {unknown}
 q - 2 scrolls of noise {unknown}
 r - a scroll of blinking {unknown}
 u - a scroll of fog {unknown}
Potions
 a - a potion of lignification {unknown}
 b - a potion of invisibility {unknown}
 h - 2 potions of brilliance
 i - 2 potions of curing
 k - 2 potions of heal wounds {unknown}
 p - a potion of cancellation {unknown}
 s - a potion of enlightenment {unknown}
 t - a potion of resistance {unknown}


   Skills:
 - Level 2.0 Dodging
 - Level 2.6 Stealth
 + Level 4.5 Spellcasting
 - Level 1.0 Conjurations
 + Level 2.3 Air Magic
 * Level 7.8 Alchemy


You had 5 spell levels left.
You knew the following spells:

 Your Spells              Type           Power      Damage    Failure   Level
a - Sting                 Conj/Alch      84%        1d8       2%          1
d - Mephitic Cloud        Conj/Alch/Air  18%        N/A       9%          3
f - Mercury Vapours       Alch/Air       46%        N/A       2%          2
g - Olgreb's Toxic Radia  Alch           34%        N/A       5%          4

Your spell library contained the following spells:

 Spells                   Type           Power      Damage    Failure   Level
 Freeze                   Ice            16%        1d4       13%         1
 Jinxbite                 Hex            8%         N/A       21%         2
 Sticky Flame             Fire/Alch      19%        2d6       26%         4
 Hailstorm                Conj/Ice       6%         3d5       32%         3
 Frozen Ramparts          Ice            8%         1d2       36%         3
 Yara's Violent Unravell  Hex/Alch       9%         3d6       58%         5
 Enfeeble                 Hex            2%         N/A       100%        7


Dungeon Overview and Level Annotations

Branches:
Dungeon (5/15)             Temple (1/1) D:4

Altars:
Ashenzari
Cheibriados
Elyvilon
Fedhas
Gozag
Hepliaklqana
Kikubaaqudgha
Nemelex Xobeh
Qazlal
Ru
Sif Muna
Uskayaw
Vehumet
Wu Jian
Xom
Yredelemnul
Zin
The Shining One

Annotations:
D:2 1 runed translucent door, Crazy Yiuf
D:4 Ijyb


Innate Abilities, Weirdness & Mutations

You cannot wear most types of armour.
You are amphibious.
You can wear up to eight rings at the same time.
Your skin changes colour to match your surroundings (Stealth+).
Your rubbery body absorbs attacks. (AC +1, EV +1)
((You are camouflaged when in or above water. (Stealth+)))
You have tentacles for arms and can constrict up to eight enemies at once.


Message History

Aim: a white imp (severely wounded, very poisoned, 76% to hit)
The sting hits the white imp but does no damage.
The white imp looks even sicker.
The white imp is severely wounded.
The white imp hits you. The white imp freezes you.
Casting: Sting (safe; 2% risk of failure)
Confirm with . or Enter, or press ? or * to list all spells.
You don't have enough magic to cast this spell.
Casting: Sting (safe; 2% risk of failure)
Confirm with . or Enter, or press ? or * to list all spells.
You don't have enough magic to cast this spell.
You hit the white imp but do no damage. You grab the white imp.
The white imp is almost dead.
You constrict the white imp, but do no damage.
The white imp hits you. The white imp freezes you.
You hit the white imp.
You kill the white imp!
Vehumet accepts your kill.
Casting: Sting (safe; 2% risk of failure)
Confirm with . or Enter, or press ? or * to list all spells.
You don't have enough magic to cast this spell.
Unknown command.
Okay, then.
Unknown command.
You feel better. The water moccasin bites you!
The air fills with toxic fumes!
As you read the scroll labelled JUQUOM ZIATUA, it crumbles to dust.
It was a scroll of poison.
The water moccasin closely misses you. The orc priest hits you with a +0 mace!
* * * LOW HITPOINT WARNING * * *
You hit the orc priest but do no damage.
Your grab misses the orc priest. The water moccasin misses you.
The orc priest hits you with a +0 mace.
* * * LOW HITPOINT WARNING * * *
The water moccasin completely misses you.
You hit the orc priest but do no damage.
You grab the orc priest. You squeeze the orc priest!
The orc priest is heavily wounded.
You constrict the orc priest. The water moccasin bites you.
You die...

##### #########...#
#§))....o...#
##o#######...# #§§@#
##.## #§§S# #.# #§§§#
#.# §§§§§§..####.#
§§§§§§§.......########
#§§§§§§§§§.###..........
§§§§§§§§§§..##.#########
§§§§§§§§§§§....#...##
#.#...[...##


You could see a water moccasin and an orc priest.

Vanquished Creatures
  Eustachio (D:4)
  Duvessa (D:4)
  A black bear (D:5)
  A scorpion (D:5)
  Dowan (D:4)
  A howler monkey (D:5)
  2 orc priests (D:5)
  Jessica (D:2)
  Natasha (twice) (D:2)
  6 adders
  2 shadow imps
  A white imp (D:5)
  2 dart slugs
  3 orcs
  8 ball pythons
  7 endoplasms
  5 giant cockroaches
  4 goblins
  3 hobgoblins
  2 quokkas
  4 frilled lizards
  2 kobolds (D:2)
  6 rats
66 creatures vanquished.

Notes
Turn   | Place    | Note
-------+----------+-------------------------------------------
     0 | D:1      | Faeranduil the Octopode Alchemist began the quest for the
                  | Orb.
     0 | D:1      | Reached XP level 1. HP: 11/11 MP: 3/3
   249 | D:1      | Reached XP level 2. HP: 17/17 MP: 3/5
   827 | D:1      | Reached skill level 4 in Alchemy
   947 | D:1      | Found a faded altar of an unknown god.
   976 | D:2      | Noticed Natasha
   986 | D:2      | Killed Natasha
   987 | D:2      | Reached XP level 3. HP: 17/21 MP: 0/6
  1043 | D:2      | Learned a level 2 spell: Mercury Vapours
  1353 | D:2      | Reached XP level 4. HP: 27/27 MP: 5/8
  1565 | D:2      | Found a runed translucent door.
  1566 | D:2      | Noticed Crazy Yiuf
  1943 | D:2      | Noticed Natasha
  1951 | D:2      | Killed Natasha
  1952 | D:2      | Reached skill level 5 in Alchemy
  2054 | D:2      | Noticed Jessica
  2060 | D:2      | Killed Jessica
  2061 | D:2      | Reached XP level 5. HP: 31/31 MP: 5/9
  2440 | D:3      | Found a hazy altar of Hepliaklqana.
  2899 | D:3      | Found an ornate altar of the Wu Jian Council.
  3221 | D:4      | Found a staircase to the Ecumenical Temple.
  3224 | D:4      | Noticed Eustachio
  3230 | Temple   | Entered the Ecumenical Temple
  3340 | Temple   | Became a worshipper of Vehumet
  3352 | D:4      | Noticed Ijyb
  3389 | D:4      | Noticed Duvessa
  3420 | D:4      | Killed Eustachio
  3421 | D:4      | Reached skill level 6 in Alchemy
  3421 | D:4      | Reached XP level 6. HP: 13/36 MP: 3/11
  3712 | D:4      | Noticed Dowan
  3965 | D:4      | Learned a level 3 spell: Mephitic Cloud
  4240 | D:4      | Killed Duvessa
  4241 | D:4      | Reached skill level 1 in Air Magic
  4356 | D:4      | Killed Dowan
  4357 | D:4      | Reached skill level 7 in Alchemy
  4357 | D:4      | Reached XP level 7. HP: 38/41 MP: 3/13
  4434 | D:4      | Learned a level 4 spell: Olgreb's Toxic Radiance
  4561 | D:5      | Entered Level 5 of the Dungeon
  5271 | D:5      | HP: 2/41 [orc priest/+0 mace (4)]
  5272 | D:5      | Slain by a water moccasin

Illustrated notes

Levels and vault maps discovered:
D:1:      minmay_arrival_hallway, layout_basic, chequers_ecumenical_altar_twisty
D:2:      layout_basic, uniq_crazy_yiuf_cottage, uniq_natasha, uniq_jessica
D:3:      layout_loops_ring, nzn_hepliaklqana_mist_gate,
          nzn_wu_jian_contemplation
D:4:      layout_rooms, minmay_temple_entry_mini_moons, uniq_ijyb,
          uniq_eustachio, uniq_duvessa
D:5:      layout_loops_ring
Temple:   eino_temple_scatter_basement

Skill      XL: |  1  2  3  4  5  6  7 |
---------------+----------------------+-----
Alchemy        | 4 5 6 7 |  7.8
Spellcasting   | 3 4 |  4.5
Air Magic      | 1 2 |  2.3
Dodging        | |  2.0
Stealth        | |  2.6
Conjurations   | |  1.0

Action                     |  1- 3 |  4- 6 |  7- 9 || total
---------------------------+-------+-------+-------++-------
  Melee: Dagger            |     3 |     4 |     4 ||    11
         Tentacles         |       |     1 |     1 ||     2
         Constrict         |       |     1 |     2 ||     3
   Cast: Sting             |    37 |   110 |    38 ||   185
         Mercury Vapours   |       |     3 |       ||     3
         Mephitic Cloud    |       |     4 |     2 ||     6
    Use: Scroll            |       |     3 |     1 ||     4
         Potion            |       |     1 |     1 ||     2
 Armour: Skin              |     2 |    16 |     9 ||    27
  Dodge: Dodged            |    12 |    29 |    13 ||    54
